 Dungeon Crawl Stone Soup version 0.22.1-1-ga44c0e56f4 (webtiles) character file.

207 Anaphory the Digger (level 5, 0/29 HPs)
             Began as a Gargoyle Earth Elementalist on Oct 18, 2018.
             Killed from afar by an orc wizard (4 damage)
             ... with a puff of flame
             ... on level 4 of the Dungeon.
             The game lasted 00:27:25 (1863 turns).

Anaphory the Digger (Gargoyle Earth Elementalist)   Turns: 1863, Time: 00:27:26

Health: 0/29       AC:  7    Str: 11    XL:     5   Next: 85%
Magic:  8/10       EV: 12    Int: 17    God:
Gold:   112        SH:  0    Dex: 13    Spells: 7/11 levels left

rFire    . . .     SeeInvis .   j - +0 mace
rCold    . . .     Gourm    .   (no shield)
rNeg     + . .     Faith    .   c - +0 robe
rPois    ∞         Spirit   .   (no helmet)
rElec    +         Reflect  .   e - scarf {cloud immunity}
rCorr    .         Harm     .   m - +0 pair of gloves
MR       .....                  (no boots)
Stlth    ++........             (no amulet)
HPRegen  0.09/turn              f - +3 ring of dexterity
MPRegen  0.12/turn              (no ring)

@: no status effects
A: negative energy resistance 1, electricity resistance, unbreathing,
petrification resistance, rot immunity, AC +4
a: no special abilities


You were on level 4 of the Dungeon.
You were not hungry.

You visited 2 branches of the dungeon, and saw 6 of its levels.

You collected 112 gold pieces.

Inventory:

Hand Weapons
 h - a +0 hunting sling
 j - a +0 mace (weapon)
Missiles
 b - 27 stones (quivered)
Armour
 c - a +0 robe (worn)
 e - a scarf of cloud immunity (worn)
 m - a +0 pair of gloves (worn)
Jewellery
 f - a +3 ring of dexterity (left hand)
Scrolls
 g - 2 scrolls of remove curse {unknown}
 k - 2 scrolls of fear {unknown}
 n - 2 scrolls of identify {unknown}
 p - a scroll of amnesia {unknown}
 r - a scroll of teleportation {unknown}
Potions
 a - 3 potions of curing {unknown}
 i - 2 potions of lignification {unknown}
 o - a potion of cancellation {unknown}
 q - a potion of degeneration {unknown}
Comestibles
 d - 4 rations
 l - 5 chunks of flesh


   Skills:
 + Level 1.1 Fighting
 + Level 1.9 Maces & Flails
 + Level 2.2 Dodging
 - Level 2.2 Stealth
 * Level 3.5 Spellcasting
 + Level 0.4 Conjurations
   Level 0.7 Transmutations
 + Level 5.0 Earth Magic


You had 7 spell levels left.
You knew the following spells:

 Your Spells              Type           Power        Failure   Level  Hunger
a - Sandblast             Erth           ###...       2%          1    None
b - Stone Arrow           Conj/Erth      ##....       16%         3    ###....

Your spell library contained the following spells:

 Spells                   Type           Power        Failure   Level  Hunger
 Passwall                 Tmut/Erth      ##......     8%          2    ##.....
 Petrify                  Tmut/Erth      ##......     45%         4    ####...
 Lee's Rapid Deconstruct  Erth           ###.......   52%         5    ######.


Dungeon Overview and Level Annotations

Branches:
Dungeon (5/15)             Temple (1/1) D:4

Altars:
Ashenzari
Cheibriados
Dithmenos
Elyvilon
Fedhas
Gozag
Hepliaklqana
Kikubaaqudgha
Makhleb
Nemelex Xobeh
Okawaru
Qazlal
Ru
Sif Muna
Trog
Uskayaw
Wu Jian
Xom
Yredelemnul
Zin
The Shining One


Innate Abilities, Weirdness & Mutations

You are resistant to torment.
Your stone body is resilient. (AC +4)
You are immune to poison.
You resist negative energy. (rN+)
You are resistant to electric shocks. (rElec)
You can survive without breathing.
You are immune to petrification.
You are immune to rotting.


Message History

* * * LOW HITPOINT WARNING * * *
You hit the orc but do no damage. The orc hits you but does no damage.
You closely miss the orc. The orc closely misses you.
You closely miss the orc. The orc closely misses you.
You hit the orc.
You kill the orc!
q - a metallic green potion;
r - a scroll labeled WUZXUINUBB You now have 112 gold pieces (gained 17).
Items here: )) [[ a dagger; a leather armour; a short sword; a scale mail There isn't anything to butcher here.
You start resting.
An orc wizard comes into view. It is wielding a dagger.
The orc wizard shouts!
The orc wizard points at you and mumbles some strange words.
The magic dart hits you!
* * * LOW HITPOINT WARNING * * *
The orc wizard casts a spell at you. The puff of flame hits you!
You die...

#.# #.# #.# # ###.####
##.## #.# # .......#
##...## #.# # ###.##.#
###.....### #.# # # #.##.#
#.........# #.# # #
#.##.#####.#.#.#.#.#######
# #............<.........#
# ####.#####.........#####
.......# ###..@..###
######## ###.### #.# #.#
#.# #o# #.# ### ##.## ...
.# ##...##.###


You could see an orc wizard.

Vanquished Creatures
  A hound (D:4)
  An orc priest (D:4)
  2 worker ants (D:4)
  3 adders (D:4)
  An ooze (D:2)
  A worm (D:4)
  An adder skeleton (D:4)
  A dart slug (D:1)
  3 leopard geckos
  10 orcs
  A ball python (D:1)
  3 bats
  2 giant cockroaches (D:2)
  A goblin (D:2)
  3 hobgoblins
  3 jackals
  2 quokkas (D:4)
  3 frilled lizards
  A jackal skeleton (D:4)
  7 kobolds
  2 rats
52 creatures vanquished.

Notes
Turn   | Place    | Note
-------+----------+-------------------------------------------
     0 | D:1      | Anaphory the Gargoyle Earth Elementalist began the quest
                  | for the Orb.
     0 | D:1      | Reached XP level 1. HP: 10/10 MP: 3/3
   153 | D:1      | Reached skill level 4 in Earth Magic
   153 | D:1      | Reached XP level 2. HP: 15/15 MP: 0/5
   279 | D:3      | Reached XP level 3. HP: 9/19 MP: 0/6
   476 | D:4      | Noticed a phantom
   869 | D:2      | Reached XP level 4. HP: 19/24 MP: 4/8
  1070 | D:4      | Reached skill level 1 in Maces & Flails
  1080 | D:4      | Learned a level 3 spell: Stone Arrow
  1308 | D:4      | Found a staircase to the Ecumenical Temple.
  1317 | Temple   | Entered the Ecumenical Temple
  1568 | D:4      | Reached XP level 5. HP: 28/28 MP: 2/9
  1691 | D:4      | Reached skill level 1 in Fighting
  1712 | D:5      | Entered Level 5 of the Dungeon
  1834 | D:4      | Reached skill level 5 in Earth Magic
  1863 | D:4      | Killed from afar by an orc wizard

Skill      XL: |  1  2  3  4  5 |
---------------+----------------+-----
Earth Magic    | 4 5 |  5.0
Maces & Flails | 1 |  1.9
Dodging        | 2 |  2.2
Spellcasting   | 3 |  3.5
Fighting       | 1 |  1.1
Stealth        | |  2.2
Conjurations   | |  0.4
Transmutations | |  0.7

Action                   |  1- 3 |  4- 6 || total
-------------------------+-------+-------++-------
Melee: Club              |     8 |       ||     8
       Mace              |    33 |    63 ||    96
 Cast: Sandblast         |    33 |    10 ||    43
       Stone Arrow       |       |    12 ||    12
  Eat: Chunk             |       |     5 ||     5
Armor: Robe              |    24 |    21 ||    45
Dodge: Dodged            |    54 |    49 ||   103
